Cogmind - Beta 12 @@@ ROGUE MODE // 2023.09.27 @ 21:16:19 Player: Michael Result: Destroyed by exploding Fusion Modulator Performance ------------- Evolutions (0) 0 Regions Visited (1) 200 Robots Destroyed (7) 35 Value Destroyed (117) 117 Prototype IDs (0) 0 Alien Tech Used (0) 0 Bonus (0) 0 TOTAL SCORE: 352 Bonus ------- None Cogmind --------- Core Integrity 0/250 Matter 225/300 Energy 100/100 System Corruption 0% Temperature Cool (24) Movement Rolling (95) Ox1 Location -10/Materials Parts ------- > --- POWER (1) -------- (None) > --- PROPULSION (2) --- Wheel Wheel > --- UTILITY (2) ------ Large Storage Unit Tractor Beam > --- WEAPON (2) ------- Assault Rifle Light Assault Rifle > --- INVENTORY (15) --- Light Treads Light Treads Aluminum Leg Aluminum Leg Wheel Medium Storage Unit Huge Storage Unit Cargo Storage Unit Large Matter Pod (71) Terrain Scanner Terrain Scanner Beam Cannon Assault Rifle Assault Rifle Peak State ------------ > --- POWER ------------ (None) > --- PROPULSION ------- Aluminum Leg Aluminum Leg > --- UTILITY ---------- Medium Storage Unit Terrain Scanner > --- WEAPON ----------- Assault Rifle Assault Rifle > --- INVENTORY -------- Light Treads Light Treads Wheel Large Storage Unit Huge Storage Unit Cargo Storage Unit Large Matter Pod Terrain Scanner Assault Rifle [Rating: 7] Favorites ----------- Power None Propulsion Aluminum Leg Leg Aluminum Leg Wheel Wheel Utility Large Storage Unit Device Terrain Scanner Storage Large Storage Unit Weapon Assault Rifle Ballistic Gun Assault Rifle Build | -11 -10 ------- Run | Jun Mat Slots Evolved . | . . Power . | . . Propulsion . | . . Utility . | . . Weapon . | . . Parts Attached 12 | 5 7 Power . | . . Engine . | . . Core . | . . Reactor . | . . Propulsion 4 | 2 2 Treads . | . . Leg 2 | 2 . Wheel 2 | . 2 Hover . | . . Flight . | . . Utility 5 | 1 4 Device 2 | . 2 Storage 3 | 1 2 Processor . | . . Hackware . | . . Protection . | . . Artifact . | . . Weapon 3 | 2 1 Energy Gun . | . . Energy Cannon . | . . Ballistic Gun 3 | 2 1 Ballistic Cannon . | . . Launcher . | . . Special Weapon . | . . Impact Weapon . | . . Slashing Weapon . | . . Piercing Weapon . | . . Special Melee Weapon . | . . Unidentified Prototypes . | . . Parts Lost . | . . Power . | . . Propulsion . | . . Utility . | . . Weapon . | . . Highest Loss Streak . | . . To Critical Strikes . | . . Average Slot Usage (%) 79 | . 79 Leg 23 | . 23 Wheel 4 | . 4 Device 9 | . 9 Storage 14 | . 14 Ballistic Gun 27 | . 27 Naked Turns . | . . Heaviest Build 25 | 9 25 Greatest Support 20 | 20 20 Greatest Overweight (x) 2 | . 2 Average Overweight (x) . | . . Largest Inventory Capacity 15 | 8 15 Average Capacity 11 | 7 12 Most Carried 15 | 3 15 Average Carried 8 | 1 9 Final Capacity 15 | 8 15 Final Carried 15 | 3 15 Class Distribution -------------------- 100% | Mutant Dominant Class ---------------- Mutant | -10/Materials Resources | -11 -10 ----------- Run | Jun Mat Matter Collected 448 | 239 209 Remotely 33 | . 33 Salvage Created 175 | . 175 Parts 11 | . 11 Haulers Intercepted . | . . Recyclers Shooed 1 | . 1 Parts Field Recycled . | . . Retrieved Matter . | . . Parts Self-Destructed . | . . Prevented . | . . Kills | -11 -10 ------- Run | Jun Mat Combat Hostiles Destroyed 5 | . 5 Guns 4 | . 4 AOE 1 | . 1 Classes Destroyed 4 | . 4 Worker 1 | . 1 Builder 1 | . 1 Swarmer 3 | . 3 Grunt 2 | . 2 Best Kill Streak 3 | . 3 Combat Bots Only 3 | . 3 Max Kills in Single Turn 1 | . 1 Gunslinging . | . . Exploded 1 | . 1 Melee . | . . Uniques/NPCs Destroyed . | . . Combat | -11 -10 -------- Run | Jun Mat Damage Taken 509 | . 509 Core 279 | . 279 Absorbed by Shields . | . . Core Remaining (%) 100 | 100 . Volleys Fired 32 | . 32 Largest 2 | . 2 Hottest 40 | . 40 Shots Fired 64 | . 64 Gun 64 | . 64 Cannon . | . . Launcher . | . . Special . | . . Kinetic 64 | . 64 Thermal . | . . Explosive . | . . Electromagnetic . | . . Robot Hit Streak 7 | . 7 Robot Miss Streak 3 | . 3 Penetration Max . | . . Secondary Targets . | . . Shots Hit Robots 39 | . 39 Core Hits 12 | . 12 Critical Kills . | . . Critical Parts Destroyed . | . . Critical Strikes . | . . Melee Attacks . | . . Impact . | . . Slashing . | . . Piercing . | . . Sneak Attacks . | . . Combat Hostiles . | . . Follow-up Attacks . | . . Damage Inflicted 394 | . 394 Guns 394 | . 394 Cannons . | . . Explosions . | . . Melee . | . . Ramming . | . . Kinetic 394 | . 394 Thermal . | . . Explosive . | . . Electromagnetic . | . . Impact . | . . Slashing . | . . Piercing . | . . Highest Corruption . | . . Average Corruption . | . . Corruption Purged . | . . Corruption Blocked . | . . Overload Shots . | . . Overflow Damage . | . . Projectiles . | . . Explosions . | . . Melee . | . . Knockbacks . | . . Impact . | . . Kinetic . | . . Secondary . | . . Self-Inflicted Damage . | . . Shots . | . . Rammed . | . . Targets Rammed . | . . Kicked . | . . Crushed . | . . Highest Temperature 4 | . 4 Average Temperature 2 | . 2 Received Heat Transfer 147 | . 147 Siege Activations . | . . Robots Corrupted . | . . Combat Hostiles . | . . Parts Fried . | . . Impact Corruptions . | . . Robots Melted . | . . Combat Hostiles . | . . Parts Melted 1 | . 1 Heat Transferred . | . . Parts Sabotaged . | . . Parts Stolen . | . . Parts Stripped . | . . Power Chain Reactions . | . . Missiles Intercepted . | . . Alert | -11 -10 ------- Run | Jun Mat Peak Influence 136 | . 136 Initial . | . . Average 29 | . 33 Maximum Alert Level . | . . Low Security (%) 100 | 100 100 Level 1 . | . . Level 2 . | . . Level 3 . | . . Level 4 . | . . Level 5 . | . . High Security . | . . Max Security . | . . Squads Dispatched . | . . Investigation . | . . Extermination . | . . Reinforcement . | . . Assault . | . . Garrison . | . . Intercept . | . . Searches Triggered . | . . Construction Impeded . | . . Haulers Reinforced . | . . Active Scanning Responses . | . . Cargo Convoy Interrupts . | . . Stealth | -11 -10 --------- Run | Jun Mat Distress Signals 1 | . 1 Communications Jammed . | . . Distress Signals . | . . Times Spotted 8 | . 8 Peak Tracking Total 3 | . 3 Tactical Retreats 1 | . 1 Traps | -11 -10 ------- Run | Jun Mat Traps Triggered . | . . Indirectly . | . . Trap Hack Attempts . | . . Triggered . | . . Disarmed . | . . Reprogrammed . | . . Reused . | . . Traps Extracted . | . . Installed . | . . Triggered . | . . Machines | -11 -10 ---------- Run | Jun Mat Machines Disabled . | . . Max in Single Turn . | . . Machines Repaired . | . . Machines Sabotaged . | . . Overloaded Fab Kills . | . . Hacking | -11 -10 --------- Run | Jun Mat Machines Accessed 2 | . 2 Terminals 2 | . 2 Fabricators . | . . Repair Stations . | . . Recycling Units . | . . Scanalyzers . | . . Garrison Access . | . . Total Hacks 5 | . 5 Successful 3 | . 3 Failed 2 | . 2 Catastrophic 1 | . 1 Database Lockouts . | . . Manual . | . . Terminals 5 | . 5 Fabricators . | . . Repair Stations . | . . Recycling Units . | . . Scanalyzers . | . . Garrison Access . | . . Terminal Hacks 3 | . 3 Locate Traps 1 | . 1 Hauler Manifests 1 | . 1 Registered Components 1 | . 1 Fabricator Hacks . | . . Repair Station Hacks . | . . Recycling Unit Hacks . | . . Scanalyzer . | . . Garrison Access Hacks . | . . Unauthorized Hacks . | . . Terminals . | . . Fabricators . | . . Repair Stations . | . . Recycling Units . | . . Scanalyzers . | . . Garrison Access . | . . Data Cores Recovered . | . . Used . | . . Hacking Detections 1 | . 1 Full Trace Events . | . . Feedback Events . | . . Feedback Blocked . | . . Robot Schematics Acquired . | . . Robots Built . | . . Authchips . | . . Time . | . . Total Robot Build Rating . | . . Part Schematics Acquired . | . . Parts Built . | . . Authchips . | . . Time . | . . Total Part Build Rating . | . . Parts Repaired . | . . Time . | . . Parts Recycled . | . . Recycled Matter . | . . Retrieved Matter . | . . Retrieved Components . | . . Parts Scanalyzed . | . . Part Schematics Acquired . | . . Parts Damaged . | . . Bothacking | -11 -10 ------------ Run | Jun Mat Used RIF Installer . | . . Robots Hacked . | . . Non-combat . | . . Combat . | . . Robot Hacks Applied . | . . Relay Couplers Released . | . . Fabnet Peak Effective % . | . . Robots Rewired . | . . Allies Hacked . | . . Hacks Repelled . | . . Allies | -11 -10 -------- Run | Jun Mat Total Allies . | . . Largest Group . | . . Highest-Rated Group . | . . Highest-Rated Ally . | . . Total Orders . | . . Ally Attacks . | . . Total Damage . | . . Kills . | . . Allies Corrupted . | . . Allies Melted . | . . Intel | -11 -10 ------- Run | Jun Mat Robot Analysis Total . | . . Derelict Logs Recovered . | . . Drone Launches . | . . Drone Recoveries . | . . Exploration | -11 -10 ------------- Run | Jun Mat Turns Passed 435 | 54 381 Spaces Moved 247 | 40 207 Core 7 | 7 . Treads . | . . Legs 197 | 33 164 Wheels 43 | . 43 Hover . | . . Flight . | . . Fastest Speed 50 | 50 95 Average Speed 124 | 107 127 Slowest Speed 190 | 120 190 Overloaded Moves . | . . Propulsion Burnouts . | . . Robots Hopped . | . . Cave-ins Triggered . | . . Exploration Rate (%) 17 | 3 31 Regions Visited 1 Branch Regions . Pre-discovered Areas . | . . Known Exits Taken . | . . Unknown Exits Taken 1 | 1 . Scrap Searched . | . . Spaces Dug . | . . Terrain Destroyed . | . . Melee . | . . Projectile . | . . AOE . | . . Terrain Rammed . | . . Walls Destroyed . | . . Machines Disabled . | . . Actions | -11 -10 --------- Run | Jun Mat Total 314 | 48 266 Wait 9 | 1 8 Move 246 | 39 207 Hop . | . . Pick Up 10 | 3 7 Fast Attach 11 | 5 6 Attach . | . . Detach 4 | . 4 Swap 1 | . 1 Drop 1 | . 1 Fire 32 | . 32 Melee . | . . Ram . | . . Kick . | . . Crush . | . . Escape Stasis . | . . Rewire . | . . Trap . | . . Miscellaneous . | . . Route ------- -11/Junkyard -10/Materials (discovered 1 exit: [*Mat]) History --------- Turn | Location | Event 11 | -11/Junkyard | Discovered new exit (range 15) 55 | -11/Junkyard | Entered Materials 242 | -10/Materials | Discovered new exit (range 5) 308 | -10/Materials | Build established: Mutant 436 | -10/Materials | Destroyed by exploding Fusion Modulator Last Messages --------------- 00298_ G-34 Mercenary destroyed. 00301_ Acquired 39 matter. 00305_ Acquired 5 matter. 00327_ Connecting with Terminal... >>Traps(Locate) Found 1 trap in 1 array: 1x EMP Trap Map updated. 00343_ K-01 Serf collects debris. 00360_ U-05 Engineer destroyed. 00373_ Acquired Wheel. 00377_ Acquired 18 matter. 00399_ Acquired Tractor Beam. 00427_ S-10 Pest destroyed. 00428_ Acquired 17 matter. 00432_ S-10 Pest destroyed. 00433_ Acquired 16 matter. 00436_ Fusion Modulator explodes. 00436_ Flight Unit melted. 00436_ S-10 Pest destroyed. Map ----- +----------------------------------------------------+ | ???????????????????????????????????????????# | | ???????????????????????????????????????????####### | | ?????????????????????????????????????????????????# | | ?????????????????????????????????????????????????# | | ??????????????????????????? ????????????????????# | | ??????????????????????????? T ??????????????????# | | ??????????????????????????? ????????????####??# | | ??????????????????????????? ???????????##! #??# | | ???????!??????????????????? #???????????#! #### | | ??????????????????????????? #???????????# | | ??????????????????????????? #???????????#! | | ??????????????????????????# #???????????#! | | ??????????????????????????# #???????????##! | | ??????????????????????????# #?????????#??####### | | ??????????????????????????# #??????????????????# | | ??????????????????????????# #?#?#?#????????????# | | ??????????????????????????# #???#???????#??????# | | ??????????????????????????# #??#???????????????# | | ??????????????????????????# #?###########????### | | ?????????????????########## #?# #?#?## | | ?????????????????# # #?# """ ###### | | ?????????????????# ; #?# """"" / = | | ?????????????????# ; #?# """"" ###### | | ?????????????????# ; #?# """"" #????# | | ?????????????????# ; ### """ |####### | | ?????????????????# @% #?# # # | | ?????????????????# ; #?# # # | | ?????????????????# ; #######+##### + | | ?????????????????# ; ! ## # | | ?????????????????###;;;;;;; < ## ## | | ???????????????????###### ; ## ## | | ??????????????????????#?###########+####### ## | | ??????????????????????????????# #?# ## | | ?????????????????????????????## #?# ## | | ??????????????????????????#???# """"" #?# + | | ??????????????????????#???????# """"" #?# ## | | ????????????????????#?????????# """"" #?# # | | ?????????????????????????#????# #?####### | | ?????????????????????????????## "T" #???#???# | | ?????????????????????????#????# #?#?#???# | | ??????????????????????????????###########???????# | | ???????????????????????????????##????#??????????## | | | | | | | | | | | | | | | | | +----------------------------------------------------+ Best States ------------- Heat Dissipation 25 Energy Generation 5 Energy Capacity 100 Matter Stores 300 Matter Capacity 300 Sight Range 16 Terrain Scan Range 14 Terrain Scan Density 10 Evasion (%) 55 Item Schematics ----------------- None Robot Schematics ------------------ None Fabricated ------------ Nothing Alien Tech Used ----------------- None Achievements -------------- None Challenges ------------ None Game ------ Seed FissionArmorWings Manual? 1 Play Time 00:08:28 Cumulative 815.2 hours Start 2023.09.24 @ 23:09:43 End 2023.09.27 @ 21:16:19 Sessions 2 Manual Loads 0 Difficulty Rogue Special Mode None Game No. 247 Rogue 211 Adventurer 36 Explorer 0 Win Type - Total 17 Types 17/0/0/0/0/0/0/0/0 Lore% 57 Gallery% 64 Achievement% 50 Wizard Run 0 Options --------- ASCII 0 Keyboard 1 Movement Vi Keybinds 0 Fullscreen 1 Font 18/Terminus Map View 76x50 Tactical HUD 1 Map Filters NONE Filters NONE Steam 0 RUN: 9e84f573-6842-4d2d-a8f4-449dab613147